 Dungeon Crawl Stone Soup version 0.31-a0-188-g5e087ee2ca (webtiles) character file.

Game seed: 2336466299820178370

45 qw the Shooter (level 3, 0/20 HPs)
             Began as a Deep Elf Hunter on June 23, 2023.
             Succumbed to their own poison gas
             ... on level 2 of the Dungeon.
             The game lasted 00:00:16 (473 turns).

qw the Shooter (Deep Elf Hunter)                     Turns: 473, Time: 00:00:17

Health: 0/20       AC:  5    Str: 10    XL:     3   Next: 42%
Magic:  5/5        EV: 11    Int: 13    God:
Gold:   47         SH:  0    Dex: 18    Spells: 2/2 levels left

rFire   . . .        Y - +0 shortbow
rCold   . . .        (shield currently unavailable)
rNeg    . . .        d - +0 ring mail
rPois   .            (no helmet)
rElec   .            (no cloak)
rCorr   .            (no gloves)
SInv    .            (no boots)
Will    .....        (no amulet)
Stlth   +            (no ring)
HPRegen 0.23/turn    (no ring)
MPRegen 0.09/turn

%: no passive effects
@: lethally poisoned (0 -> -2)
A: no striking features
a: no special abilities


You were on level 2 of the Dungeon.
You visited 1 branch of the dungeon, and saw 2 of its levels.

You collected 47 gold pieces.


   Skills:
 - Level 1.5 Fighting
 + Level 7.0 Ranged Weapons
 - Level 2.4 Dodging
 - Level 1.2 Stealth


You had 2 spell levels left.
You didn't know any spells.
Your spell library was empty.

Inventory:

Hand Weapons
 Y - a +0 shortbow (weapon)
Armour
 d - a +0 ring mail (worn)
Scrolls
 a - 2 scrolls of identify
Potions
 f - a potion of mutation

Dungeon Overview and Level Annotations

Branches:
Dungeon (2/15)

Altars:


Message History

You finish putting on your +0 ring mail.
459 ||| DROPPING +0 leather armour.
You drop a +0 leather armour.
460 ||| READING 2 scrolls labelled LEMIDO JOAVYI.
The air fills with toxic fumes!
As you read the scroll labelled LEMIDO JOAVYI, it crumbles to dust.
It was a scroll of poison.
461 ||| READING 3 scrolls of identify.
As you read the scroll of identify, it crumbles to dust.
f - a potion of mutation;
461 ||| IDENTIFYING purple potion
462 ||| DROPPING scroll of butterflies.
You drop a scroll of butterflies.
463 ||| DROPPING scroll of poison.
You drop a scroll of poison.
(D) Dungeon
Where to? (* - list waypoints, ? - help)
What level of the Dungeon? (default 1, ? - help) Sorry, I don't know how to get there.
Really walk into that cloud of poison gas?
You are engulfed in poison gas.
You are lethally poisoned!
You feel very sick.
Enter note:
465 ||| Stepping ~*~*~tactically~*~*~ (cloud).
You feel very sick.
Things that are here:
a scroll of poison; a scroll of butterflies; a +0 leather armour
There is a lethal amount of poison in your body!
You feel very sick.
There is a lethal amount of poison in your body!
You feel very sick.
There is a lethal amount of poison in your body!
You feel sick.
There is a lethal amount of poison in your body!
You feel sick.
There is a lethal amount of poison in your body!
You feel sick.
There is a lethal amount of poison in your body!
You feel sick.
There is a lethal amount of poison in your body!
You feel sick.
There is a lethal amount of poison in your body!
You die...

#.........##..[..#
###.....#.##.....#
. #.#####.##0....#
. #...# .0#0¤...##
. ###.# #.00###.#
. #.#.#00.#...#
#.#0#00.#.###
#.#.00..#0# . #.#
#.@000# . ..#
#0##### # ### #0#
#.# #0# ¤.# #0#
.0. ..#


There were no monsters in sight!

Vanquished Creatures
  2 adders (D:2)
  A dart slug (D:2)
  A bat (D:2)
  3 giant cockroaches
  A hobgoblin (D:2)
  8 jackals
  A kobold (D:1)
  A ball python (D:2)
  2 frilled lizards (D:2)
  3 rats
23 creatures vanquished.

Notes
Turn   | Place    | Note
-------+----------+-------------------------------------------
     0 | D:1      | qw the Deep Elf Hunter began the quest for the Orb.
     0 | D:1      | Reached XP level 1. HP: 12/12 MP: 3/3
     0 | D:1      | 0 ||| qw: Version: 0.3-a-9-g12657ce
     0 | D:1      | 0 ||| qw: Game counter: 3489
     0 | D:1      | 0 ||| qw: Always use a shield: true
     0 | D:1      | 0 ||| qw: God list: Okawaru
     0 | D:1      | 0 ||| qw: Allow faded altars: false
     0 | D:1      | 0 ||| qw: Do Orc after D:15 true
     0 | D:1      | 0 ||| qw: Do second Lair branch before Depths: true
     0 | D:1      | 0 ||| qw: Lair rune preference: random
     0 | D:1      | 0 ||| qw: Plans: Normal
     0 | D:1      | 0 ||| PLANNING D:1-11
   136 | D:1      | Reached XP level 2. HP: 6/16 MP: 4/4
   205 | D:1      | Reached skill level 6 in Ranged Weapons
   242 | D:1      | You fall into a shaft and drop 1 floor!
   372 | D:2      | 372 ||| READING 4 scrolls labelled VAKHLU CAXUGAMES.
   373 | D:2      | 373 ||| READING scroll labelled GIESESH IMEAVY.
   384 | D:2      | Reached XP level 3. HP: 20/20 MP: 5/5
   395 | D:2      | Reached skill level 7 in Ranged Weapons
   449 | D:2      | 449 ||| UPGRADING to +0 ring mail.
   459 | D:2      | 459 ||| DROPPING +0 leather armour.
   460 | D:2      | 460 ||| READING 2 scrolls labelled LEMIDO JOAVYI.
   461 | D:2      | 461 ||| READING 3 scrolls of identify.
   461 | D:2      | 461 ||| IDENTIFYING purple potion
   462 | D:2      | 462 ||| DROPPING scroll of butterflies.
   463 | D:2      | 463 ||| DROPPING scroll of poison.
   465 | D:2      | 465 ||| Stepping ~*~*~tactically~*~*~ (cloud).
   468 | D:2      | HP: 4/20 [poisoned by you (poison gas)]
   472 | D:2      | HP: 1/20 [poisoned by you (poison gas)]
   473 | D:2      | Succumbed to their own poison gas

Levels and vault maps discovered:
D:1:      nicolae_arrival_memento_mori, layout_basic
D:2:      layout_basic, minmay_surrounded

Skill      XL: |  1  2  3 |
---------------+----------+-----
Ranged Weapons | 6 7 |  7.0
Fighting       | |  1.5
Dodging        | |  2.4
Stealth        | |  1.2

Action                     || total
---------------------------++-------
   Fire: Shortbow          ||    63
    Use: Scroll            ||     4
 Armour: Leather armour    ||    16
  Dodge: Dodged            ||    23

Table legend:
 A = Non-vault XP
 B = Vault XP
 C = Vault XP percentage of total XP
 D = Non-vault monster count
 E = Vault monster count
 F = Vault count percentage of total count
                 A         B        C        D         E       F
            +---------+---------+-------+---------+---------+-------
      Total |      63 |       2 |   3.1 |      22 |       1 |   4.3
            +---------+---------+-------+---------+---------+-------
        D:1 |      16 |       0 |   0.0 |       9 |       0 |   0.0
        D:2 |      47 |       2 |   4.1 |      13 |       1 |   7.1
            +---------+---------+-------+---------+---------+-------
